[Event "ICC tourney 2716 (40 10)"]
[Site "Internet Chess Club"]
[Date "2021.10.23"]
[Round "1"]
[White "WU, WILLIAM:K09-15782241"]
[Black "KUMAR, TANISI:tanisikumar"]
[Result "1-0"]
[ICCResult "Black checkmated"]
[WhiteElo "1904"]
[BlackElo "562"]
[Opening "Scandinavian (center counter) defense"]
[ECO "B01"]
[NIC "VO.17"]
[Time "11:01:26"]
[PlyCount "49"]
[TimeControl "2400+10"]

1. e4 d5 2. exd5 Qxd5 3. Nf3 Qd8 4. d4 e6 5. c4 c6 6. Nc3 c5 7. Be3 cxd4 8.
Nxd4 e5 9. Ndb5 a6 10. Qxd8+ Kxd8 11. Bb6+ Ke7 12. Nc7 f5 13. Nxa8 Nf6 14.
Bc5+ Ke8 15. Nc7+ Kf7 16. Bxf8 Kxf8 17. Rd1 e4 18. Rd8+ Kf7 19. Rxh8 Be6 20.
Rxb8 Kg6 21. Nxe6 Kh5 22. Rxb7 Ng4 23. Rxg7 f4 24. Nxf4+ Kh4 25. g3#
{Black checkmated}
1-0

[Event "ICC tourney 2716 (40 10)"]
[Site "Internet Chess Club"]
[Date "2021.10.23"]
[Round "1"]
[White "ABEND, JAMES LUKE:DoritoFarmer"]
[Black "TRANDAFIR, STEFAN:trandaferrari"]
[Result "0-1"]
[ICCResult "White checkmated"]
[WhiteElo "179"]
[BlackElo "1882"]
[Opening "Sicilian defense"]
[ECO "B20"]
[NIC "SI.48"]
[Time "11:01:07"]
[PlyCount "68"]
[TimeControl "2400+10"]

1. e4 c5 2. b3 Nc6 3. Bb2 e5 4. Nf3 d6 5. Bb5 Bd7 6. d4 cxd4 7. Nxd4 Nxd4 8.
Bxd7+ Qxd7 9. Bxd4 exd4 10. Qxd4 Be7 11. O-O Bf6 12. Qa4 Qxa4 13. bxa4 Bxa1
14. Na3 Be5 15. Nc4 Nf6 16. f4 Bd4+ 17. Kh1 Nxe4 18. Re1 d5 19. Nd6+ Kd7 20.
Nxe4 dxe4 21. Rxe4 Bc5 22. c4 Rhe8 23. Rxe8 Rxe8 24. h3 Re2 25. Kh2 Rxa2 26.
Kg3 Rxa4 27. Kg4 Rxc4 28. Kg5 a5 29. g4 a4 30. f5 Be7+ 31. f6 Bxf6+ 32. Kf5
a3 33. g5 a2 34. g6 hxg6# {White checkmated} 0-1

[Event "ICC tourney 2716 (40 10)"]
[Site "Internet Chess Club"]
[Date "2021.10.23"]
[Round "1"]
[White "MARKOVIC, GORAN:Goran21"]
[Black "GUSEINOV, GADIR:GGuseinov"]
[Result "1-0"]
[ICCResult "Black resigns"]
[WhiteElo "1856"]
[BlackElo "2715"]
[Opening "English opening"]
[ECO "A10"]
[NIC "EO.64"]
[Time "11:01:20"]
[PlyCount "45"]
[TimeControl "2400+10"]

1. c4 g6 2. Nc3 Bg7 3. g3 d6 4. Bg2 e5 5. d3 f5 6. Nf3 Nf6 7. O-O O-O 8. b4
e4 9. Ng5 h6 10. Nh3 g5 11. f3 exf3 12. exf3 Nc6 13. Rb1 f4 14. gxf4 Nh5 15.
Nd5 Bxh3 16. Bxh3 Nxf4 17. Bxf4 gxf4 18. Kh1 Qh4 19. Be6+ Kh8 20. Nxc7 Rad8
21. Bd5 Nd4 22. Ne6 Nf5 23. Qe1 {Black resigns} 1-0

[Event "ICC tourney 2716 (40 10)"]
[Site "Internet Chess Club"]
[Date "2021.10.23"]
[Round "1"]
[White "FAWZY, ADHAM:domti"]
[Black "RAMESH, RAHUL:rockinroll"]
[Result "1-0"]
[ICCResult "Black resigns"]
[WhiteElo "2542"]
[BlackElo "1833"]
[Opening "Scandinavian: Pytel-Wade variation"]
[ECO "B01"]
[NIC "SD.02"]
[Time "11:01:03"]
[PlyCount "71"]
[TimeControl "2400+10"]

1. e4 d5 2. exd5 Qxd5 3. Nc3 Qd6 4. Nf3 Bg4 5. d4 c6 6. h3 Bh5 7. g4 Bg6 8.
Ne5 Nf6 9. Bf4 Qd8 10. h4 Nd5 11. Nxd5 Qxd5 12. f3 f6 13. c4 Qa5+ 14. Bd2
Qc7 15. Nxg6 Qg3+ 16. Ke2 hxg6 17. Qc2 Rxh4 18. Qxg6+ Kd8 19. Rxh4 Qxh4 20.
Bf4 Nd7 21. Rd1 Qh8 22. Qf7 Qh7 23. Kf2 Qc2+ 24. Rd2 Qc1 25. Bd3 g5 26. Be3
Qh1 27. Bf5 Kc7 28. d5 Qh2+ 29. Kf1 Qh1+ 30. Bg1 Qxf3+ 31. Ke1 cxd5 32. cxd5
Qg3+ 33. Bf2 Qd6 34. Rc2+ Kd8 35. Bg6 Qb4+ 36. Rc3 {Black resigns} 1-0

[Event "ICC tourney 2716 (40 10)"]
[Site "Internet Chess Club"]
[Date "2021.10.23"]
[Round "1"]
[White "Jin, Xiaodong:SuperWJ"]
[Black "Turcotte, Jonathan:JonnyTurgi"]
[Result "1/2-1/2"]
[ICCResult "Game drawn by mutual agreement"]
[WhiteElo "1598"]
[BlackElo "2000"]
[Opening "QGD Slav defense: exchange variation"]
[ECO "D10"]
[NIC "SL.01"]
[Time "11:00:59"]
[PlyCount "41"]
[TimeControl "2400+10"]

1. d4 d5 2. c4 c6 3. cxd5 cxd5 4. Nc3 Nf6 5. Bf4 Nc6 6. e3 Bf5 7. Qb3 Na5 8.
Bb5+ Bd7 9. Qd1 e6 10. Bd3 Bb4 11. Nf3 Rc8 12. O-O Nc4 13. Bxc4 dxc4 14. Bg5
Be7 15. a4 O-O 16. Ne5 h6 17. Bh4 Nd5 18. Bxe7 Qxe7 19. Qe2 Nxc3 20. bxc3
Rc7 21. Rfb1 {Game drawn by mutual agreement} 1/2-1/2

[Event "ICC tourney 2716 (40 10)"]
[Site "Internet Chess Club"]
[Date "2021.10.23"]
[Round "1"]
[White "LIN, LEO FANYUE:Leolix"]
[Black "Belous, Vladimir:Openyagami"]
[Result "0-1"]
[ICCResult "White resigns"]
[WhiteElo "1850"]
[BlackElo "2568"]
[Opening "Sicilian: Labourdonnais-Löwenthal (Kalashnikov) variation"]
[ECO "B32"]
[NIC "SI.32"]
[Time "11:01:03"]
[PlyCount "76"]
[TimeControl "2400+10"]

1. e4 c5 2. Nf3 Nc6 3. d4 cxd4 4. Nxd4 e5 5. Nb5 d6 6. N1c3 a6 7. Na3 b5 8.
Nd5 Nge7 9. Be3 Nxd5 10. Qxd5 Bb7 11. Rd1 Be7 12. f4 exf4 13. Bxf4 O-O 14.
Be2 Qb6 15. Qd3 Ne5 16. Qd4 Qc6 17. Bf3 Rad8 18. c3 Bf6 19. Qe3 Bh4+ 20. Bg3
Bxg3+ 21. hxg3 f5 22. Nc2 fxe4 23. Nb4 Qc5 24. Qxc5 dxc5 25. Be2 cxb4 26.
cxb4 Nd3+ 27. Bxd3 exd3 28. Rd2 Rd4 29. Rh4 Rxh4 30. gxh4 Be4 31. b3 Kf7 32.
Kf2 Ke6+ 33. Ke3 Ke5 34. a4 Rf1 35. Ra2 Re1+ 36. Kf2 Re2+ 37. Rxe2 dxe2 38.
Kxe2 Bxg2 {White resigns} 0-1

[Event "ICC tourney 2716 (40 10)"]
[Site "Internet Chess Club"]
[Date "2021.10.23"]
[Round "1"]
[White "FILIPOVICH, DAVID MICHAEL:dmfcan"]
[Black "CHAMPSI, IMRAN:imranchamp"]
[Result "1/2-1/2"]
[ICCResult "Game drawn by mutual agreement"]
[WhiteElo "2050"]
[BlackElo "1668"]
[Opening "English: symmetrical, main line with d4"]
[ECO "A39"]
[NIC "EO.26"]
[Time "11:01:10"]
[PlyCount "60"]
[TimeControl "2400+10"]

1. Nf3 c5 2. g3 Nc6 3. Bg2 g6 4. c4 Bg7 5. Nc3 Nf6 6. O-O O-O 7. d4 cxd4 8.
Nxd4 d6 9. Nxc6 bxc6 10. Bxc6 Rb8 11. Qa4 Bd7 12. Bxd7 Qxd7 13. Rb1 Qxa4 14.
Nxa4 Rfc8 15. c5 dxc5 16. Bf4 Rb4 17. b3 Nd5 18. Rfc1 Nxf4 19. gxf4 c4 20.
a3 Rbb8 21. bxc4 Rxb1 22. Rxb1 Rxc4 23. Rb8+ Bf8 24. Nb2 Rc2 25. e3 Kg7 26.
Nd3 e6 27. Rb7 Bxa3 28. Rxa7 Bd6 29. Rd7 Bb8 30. Rd8 Bc7
{Game drawn by mutual agreement}
1/2-1/2

[Event "ICC tourney 2716 (40 10)"]
[Site "Internet Chess Club"]
[Date "2021.10.23"]
[Round "1"]
[White "CHUBAKOV, SULTAN:schubakov"]
[Black "GUO, YU HAN (VERONICA):VeronicaG"]
[Result "1-0"]
[ICCResult "Black resigns"]
[WhiteElo "2025"]
[BlackElo "1650"]
[Opening "Catalan: closed, 5.Nf3"]
[ECO "E06"]
[NIC "CA.04"]
[Time "11:01:02"]
[PlyCount "57"]
[TimeControl "2400+10"]

1. d4 d5 2. c4 e6 3. Nf3 Be7 4. g3 Nf6 5. Bg2 O-O 6. O-O b6 7. cxd5 exd5 8.
Nc3 Bb7 9. Qa4 Nbd7 10. Ne5 Nxe5 11. dxe5 Nd7 12. Nxd5 Bxd5 13. Bxd5 Nxe5
14. Bxa8 Qxa8 15. Bf4 Bf6 16. Bxe5 Bxe5 17. Qb3 Qe4 18. e3 h5 19. Rac1 g5
20. Rfd1 h4 21. Qd5 Qf5 22. f4 gxf4 23. exf4 hxg3 24. Qxe5 Qh3 25. Rd2 Kh7
26. Qe4+ Kh8 27. hxg3 Rg8 28. Rh2 Rxg3+ 29. Kh1 {Black resigns} 1-0

[Event "ICC tourney 2716 (40 10)"]
[Site "Internet Chess Club"]
[Date "2021.10.23"]
[Round "1"]
[White "LIANG, ETHAN Y:ELCCEthan488"]
[Black "IVANOV, ALEXANDER:marble"]
[Result "1/2-1/2"]
[ICCResult "Game drawn by repetition"]
[WhiteElo "1799"]
[BlackElo "2422"]
[Opening "Modern defense"]
[ECO "A40"]
[NIC "QO.17"]
[Time "11:01:05"]
[PlyCount "91"]
[TimeControl "2400+10"]

1. d4 g6 2. c4 Bg7 3. Nc3 c5 4. d5 d6 5. e4 e6 6. f4 exd5 7. Nxd5 Ne7 8. Ne3
O-O 9. Nf3 f5 10. Bd3 Nbc6 11. O-O fxe4 12. Bxe4 Rxf4 13. Bd5+ Nxd5 14.
Qxd5+ Kh8 15. Ng5 Rxf1+ 16. Nxf1 Ne5 17. Bf4 Qe7 18. Re1 h6 19. Bxe5 dxe5
20. Nf7+ Kh7 21. Nxe5 Bf5 22. Ng3 Rd8 23. Nxf5 Rxd5 24. Nxe7 Rxe5 25. Rxe5
Bxe5 26. b3 Kg7 27. Nd5 Kf7 28. h3 Ke6 29. Kf2 b5 30. Kf3 bxc4 31. bxc4 Kf5
32. Ne7+ Kf6 33. Nc6 a6 34. Nxe5 Kxe5 35. Ke3 a5 36. a4 h5 37. g3 g5 38. h4
Kf5 39. Kf3 gxh4 40. gxh4 Ke5 41. Ke3 Kf5 42. Kf3 Ke5 43. Ke3 Kf5 44. Kf3
Ke5 45. Ke3 Kf5 46. Kf3 {Game drawn by repetition} 1/2-1/2

[Event "ICC tourney 2716 (40 10)"]
[Site "Internet Chess Club"]
[Date "2021.10.23"]
[Round "1"]
[White "SHAWKAT, SAIF:saif-shawkat"]
[Black "LIU, ZACHARY HANKUN:K03-17349625"]
[Result "1-0"]
[ICCResult "Black resigns"]
[WhiteElo "1970"]
[BlackElo "1586"]
[Opening "Sicilian: Nimzovich-Rossolimo attack (without ...d6)"]
[ECO "B30"]
[NIC "SI.31"]
[Time "11:01:02"]
[PlyCount "109"]
[TimeControl "2400+10"]

1. e4 c5 2. Nf3 Nc6 3. Bb5 e6 4. O-O Nge7 5. Re1 a6 6. Bf1 d5 7. d3 Ng6 8.
exd5 Qxd5 9. g3 Be7 10. Bg2 Qd8 11. h4 h5 12. Nbd2 Bd7 13. Ne4 Qc7 14. Be3
b6 15. d4 cxd4 16. Nxd4 Rd8 17. Qe2 Nxd4 18. Bxd4 e5 19. Bc3 Bb5 20. Qf3 Bc4
21. Rad1 Be6 22. Ng5 Bxg5 23. hxg5 Rc8 24. Qb7 a5 25. Qxc7 Rxc7 26. Rd6 O-O
27. Rxb6 Bxa2 28. Bxa5 Rxc2 29. Bc3 Rc8 30. Be4 R2xc3 31. bxc3 Rxc3 32. Rb2
Be6 33. Rb6 Nf8 34. g6 fxg6 35. Rxe6 Nxe6 36. Bd5 Rc5 37. Bxe6+ Kh7 38. Rd1
Rc6 39. Bd5 Rc5 40. Be4 Rc4 41. f3 Rc7 42. Rd6 h4 43. Rxg6 Kg8 44. gxh4 Rc1+
45. Kg2 Ra1 46. Re6 Ra5 47. Bg6 Ra8 48. Rxe5 Rf8 49. h5 Kh8 50. Kg3 Kg8 51.
Kg4 Kh8 52. f4 Kg8 53. f5 Kh8 54. Re7 Kg8 55. Kg5 {Black resigns} 1-0

[Event "ICC tourney 2716 (40 10)"]
[Site "Internet Chess Club"]
[Date "2021.10.23"]
[Round "1"]
[White "JIANG, JASON:JasonJiang10"]
[Black "DENG, HENRY:SuperPuzzler"]
[Result "0-1"]
[ICCResult "White forfeits on time"]
[WhiteElo "1784"]
[BlackElo "2061"]
[Opening "English opening"]
[ECO "A54"]
[NIC "OI.04"]
[Time "11:01:12"]
[PlyCount "70"]
[TimeControl "2400+10"]

1. c4 Nf6 2. Nc3 d6 3. d4 Nbd7 4. Nf3 e5 5. e3 g6 6. Be2 Bg7 7. O-O O-O 8.
b3 b6 9. dxe5 dxe5 10. Ba3 Re8 11. Qd2 Bb7 12. Rfd1 Qc8 13. Rac1 a6 14. Nd5
Ne4 15. Qc2 Nec5 16. Ng5 a5 17. Ne4 Nxe4 18. Qxe4 Kh8 19. Qd3 Nf8 20. c5 Ba6
21. Qc2 b5 22. c6 Ne6 23. b4 Rd8 24. bxa5 Nd4 25. exd4 Rxd5 26. dxe5 Rxe5
27. Bb2 Re8 28. Bxg7+ Kxg7 29. Qc3+ Kg8 30. Bf3 Rb8 31. a3 Qf5 32. h3 Qf4
33. Rd7 b4 34. axb4 Rxb4 35. g3 Qg5 {White forfeits on time} 0-1

[Event "ICC tourney 2716 (40 10)"]
[Site "Internet Chess Club"]
[Date "2021.10.23"]
[Round "1"]
[White "LYNN, BENNETT:ben622"]
[Black "POMERANTZ, DANIEL G:dpomerantz135"]
[Result "1-0"]
[ICCResult "Black checkmated"]
[WhiteElo "1737"]
[BlackElo "2050"]
[Opening "Sicilian: Taimanov variation"]
[ECO "B48"]
[NIC "SI.40"]
[Time "11:01:05"]
[PlyCount "83"]
[TimeControl "2400+10"]

1. e4 c5 2. Nf3 e6 3. d4 cxd4 4. Nxd4 Nc6 5. Nc3 Qc7 6. Be3 a6 7. Bd3 b5 8.
a3 Bb7 9. O-O Nf6 10. Kh1 Be7 11. f4 h5 12. e5 Ng4 13. Bg1 d6 14. f5 Ncxe5
15. fxe6 Bf6 16. exf7+ Qxf7 17. Be4 O-O-O 18. Nf5 Nc4 19. Nd5 Qe6 20. Nde7+
Bxe7 21. Bxb7+ Kxb7 22. Nxe7 Qxe7 23. Qd5+ Kb8 24. Rf7 Nce3 25. Bxe3 Nxe3
26. Qf3 Qxf7 27. Qxf7 Rdf8 28. Qe6 Nc4 29. b3 Rf6 30. Qe4 Rhf8 31. h3 Nd2
32. Qc6 d5 33. Qxd5 Nf1 34. Qe5+ Ka8 35. Rd1 R6f7 36. Rd6 Ka7 37. Qc5+ Ka8
38. Rxa6+ Kb8 39. Qxb5+ Kc7 40. Qc5+ Kd7 41. Rd6+ Ke7 42. Qe5#
{Black checkmated}
1-0

[Event "ICC tourney 2716 (40 10)"]
[Site "Internet Chess Club"]
[Date "2021.10.23"]
[Round "1"]
[White "BAYYARAPU, MOHIT SREEJAN:mohitbayyarapu"]
[Black "ZENG, ELBERT:investigator"]
[Result "1-0"]
[ICCResult "Black resigns"]
[WhiteElo "1652"]
[BlackElo "2028"]
[Opening "Pirc defense"]
[ECO "B07"]
[NIC "PU.04"]
[Time "11:01:13"]
[PlyCount "69"]
[TimeControl "2400+10"]

1. e4 d6 2. d4 Nf6 3. Nc3 g6 4. f3 a6 5. Be3 b5 6. Qd2 Nbd7 7. Nge2 Bb7 8.
O-O-O Nb6 9. Nf4 Nfd7 10. g4 Bg7 11. h4 h6 12. Kb1 b4 13. Ncd5 c6 14. Nxb4
a5 15. Nbd3 Nc4 16. Qf2 Qb6 17. c3 e5 18. Ng2 Nxe3 19. Nxe3 Ba6 20. Nc2 Rb8
21. b3 exd4 22. cxd4 c5 23. Nb2 cxd4 24. Nxd4 Nc5 25. Bxa6 Qxa6 26. e5 dxe5
27. Nf5 gxf5 28. Qxc5 Rb5 29. Qc7 O-O 30. gxf5 a4 31. Rd6 Qa8 32. Rg1 Rc8
33. Rxg7+ Kxg7 34. Rg6+ Kh8 35. Qxf7 {Black resigns} 1-0

[Event "ICC tourney 2716 (40 10)"]
[Site "Internet Chess Club"]
[Date "2021.10.23"]
[Round "1"]
[White "CHINNI, RISHABH:alphachesplayer"]
[Black "LIU, ERIC CHANG:el008"]
[Result "1/2-1/2"]
[ICCResult "Game drawn by mutual agreement"]
[WhiteElo "1498"]
[BlackElo "1941"]
[Opening "Sicilian: Najdorf"]
[ECO "B90"]
[NIC "SI.14"]
[Time "11:01:05"]
[PlyCount "198"]
[TimeControl "2400+10"]

1. e4 c5 2. Nf3 d6 3. d4 cxd4 4. Nxd4 Nf6 5. Nc3 a6 6. f3 e5 7. Nb3 Be6 8.
Be3 Be7 9. Qd2 O-O 10. O-O-O Nbd7 11. g4 b5 12. g5 Nh5 13. h4 Nb6 14. Nd5
Bxd5 15. exd5 Ng3 16. Rg1 Nxf1 17. Rdxf1 Nc4 18. Qd3 Nxe3 19. Qxe3 f5 20.
gxf6 Bxf6 21. h5 a5 22. Nd2 a4 23. Ne4 b4 24. Kb1 Ra5 25. Qd3 Qe7 26. Qc4
Rb8 27. Qc6 Qd8 28. Nxd6 Rb6 29. Nb7 Rxc6 30. Nxd8 Rb6 31. Ne6 Rxd5 32. Ng5
Bxg5 33. Rxg5 Rf6 34. Rfg1 Rf7 35. Kc1 Rfd7 36. Re1 Re7 37. Rg4 Rb7 38. Rge4
Rbb5 39. Rd1 Rxd1+ 40. Kxd1 Kf7 41. Ke2 Kf6 42. Kd3 Rb7 43. Kc4 Ke6 44. Kc5
b3 45. cxb3 axb3 46. a4 Rc7+ 47. Kb4 Rb7+ 48. Ka3 g5 49. Rb4 Rxb4 50. Kxb4
e4 51. fxe4 g4 52. a5 Kd7 53. a6 Kc7 54. a7 Kb7 55. e5 g3 56. e6 g2 57. e7
g1=Q 58. a8=Q+ Kxa8 59. e8=Q+ Ka7 60. Qd7+ Kb8 61. Qxh7 Qb6+ 62. Kc3 Qe3+
63. Kb4 Qb6+ 64. Ka3 Qa5+ 65. Kxb3 Qb5+ 66. Kc2 Qc4+ 67. Kb1 Qf1+ 68. Ka2
Qa6+ 69. Kb3 Qb5+ 70. Kc3 Qc5+ 71. Kd3 Qb5+ 72. Ke4 Qe2+ 73. Kf4 Qxb2 74.
Qg8+ Kc7 75. Qc4+ Kd6 76. Qa6+ Kc7 77. Qa5+ Kc6 78. Qa8+ Kc7 79. Qd5 Qf6+
80. Kg4 Qg7+ 81. Kf5 Qh7+ 82. Kg4 Qg7+ 83. Qg5 Qd7+ 84. Qf5 Qg7+ 85. Qg6
Qd4+ 86. Kg5 Qe3+ 87. Kf6 Qd4+ 88. Kf7 Qd7+ 89. Kg8 Qd8+ 90. Kh7 Qd5 91. h6
Kd7 92. Kh8 Qa8+ 93. Qg8 Qf3 94. h7 Ke7 95. Qg5+ Kf8 96. Qg7+ Ke8 97. Qe5+
Kf8 98. Qb8+ Kf7 99. Qg8+ Ke7 {Game drawn by mutual agreement} 1/2-1/2

[Event "ICC tourney 2716 (40 10)"]
[Site "Internet Chess Club"]
[Date "2021.10.23"]
[Round "1"]
[White "SLADE, THEODORE LUKE:MrNormalName"]
[Black "SATTARU, SRITEJ SAI:FL2009"]
[Result "1-0"]
[ICCResult "Black resigns"]
[WhiteElo "2112"]
[BlackElo "1795"]
[Opening "QGD: Janowski variation"]
[ECO "D31"]
[NIC "QP.08"]
[Time "11:08:56"]
[PlyCount "169"]
[TimeControl "2400+10"]

1. d4 d5 2. c4 e6 3. Nc3 a6 4. cxd5 exd5 5. Nf3 Nf6 6. Bg5 Be7 7. e3 Nbd7 8.
Bd3 h6 9. Bh4 O-O 10. O-O Re8 11. Ne5 c6 12. f4 Nf8 13. Bxf6 Bxf6 14. Qh5
Qe7 15. Rf3 g6 16. Rg3 Bg7 17. Qf3 Qf6 18. Rf1 Bf5 19. Bxf5 Qxf5 20. Rh3 h5
21. Qd1 Re7 22. Ne2 Rae8 23. Ng3 Qc8 24. f5 Bxe5 25. dxe5 Rxe5 26. Nxh5 Nh7
27. fxg6 fxg6 28. Nf6+ Nxf6 29. Rxf6 Rg5 30. Qf3 Qg4 31. Rf7 Qxf3 32. Rhxf3
Rf5 33. R3xf5 gxf5 34. Rxb7 Rxe3 35. Rb6 Re2 36. Rxc6 Rxb2 37. Rxa6 d4 38.
Rd6 Rxa2 39. Rxd4 Kf7 40. Rd6 Rc2 41. h3 Ke7 42. Ra6 Kf7 43. Kh2 Rc3 44. Ra2
Kg6 45. Rf2 Kg5 46. Rf3 Rc4 47. Kg3 Rd4 48. Ra3 Rb4 49. Kf3 Rb1 50. g3 Rb4
51. h4+ Kg6 52. Ra6+ Kh5 53. Rc6 Ra4 54. Rc8 Kh6 55. Rg8 Rc4 56. Rg5 Rc3+
57. Kf4 Rc4+ 58. Kxf5 Rc5+ 59. Kg4 Rc4+ 60. Kh3 Rc1 61. Ra5 Rc3 62. Rf5 Kg6
63. Rf4 Kh6 64. Kg4 Rc5 65. Rf6+ Kg7 66. Rf5 Rc3 67. Rf3 Rc4+ 68. Kg5 Rc5+
69. Rf5 Rc6 70. h5 Rb6 71. g4 Ra6 72. Rb5 Ra7 73. h6+ Kh7 74. Kh5 Ra6 75.
Rb7+ Kg8 76. g5 Ra1 77. Rb8+ Kf7 78. g6+ Kf6 79. Rf8+ Ke7 80. g7 Rh1+ 81.
Kg4 Rg1+ 82. Kh3 Rh1+ 83. Kg2 Rxh6 84. g8=Q Re6 85. Re8+ {Black resigns} 1-0

[Event "ICC tourney 2716 (40 10)"]
[Site "Internet Chess Club"]
[Date "2021.10.23"]
[Round "2"]
[White "SATTARU, SRITEJ SAI:FL2009"]
[Black "ABEND, JAMES LUKE:DoritoFarmer"]
[Result "1-0"]
[ICCResult "Black checkmated"]
[WhiteElo "1795"]
[BlackElo "179"]
[Opening "Sicilian: Hungarian variation"]
[ECO "B27"]
[NIC "SI.43"]
[Time "13:15:27"]
[PlyCount "31"]
[TimeControl "2400+10"]

1. e4 c5 2. Nf3 g6 3. c3 Bg7 4. d4 cxd4 5. cxd4 d5 6. exd5 Qxd5 7. Nc3 Qd8
8. Bc4 e6 9. O-O Ne7 10. Re1 Nbc6 11. d5 exd5 12. Nxd5 Be6 13. Nxe7 Bxc4 14.
Nxc6+ Kf8 15. Nxd8 Rxd8 16. Qxd8# {Black checkmated} 1-0

[Event "ICC tourney 2716 (40 10)"]
[Site "Internet Chess Club"]
[Date "2021.10.23"]
[Round "2"]
[White "KUMAR, TANISI:tanisikumar"]
[Black "LIN, LEO FANYUE:Leolix"]
[Result "0-1"]
[ICCResult "White checkmated"]
[WhiteElo "562"]
[BlackElo "1850"]
[Opening "Sicilian"]
[ECO "B50"]
[NIC "SI.01"]
[Time "13:20:43"]
[PlyCount "32"]
[TimeControl "2400+10"]

1. e4 c5 2. Nf3 d6 3. Nc3 Nf6 4. e5 dxe5 5. Nxe5 e6 6. Nf3 Bd6 7. d4 O-O 8.
dxc5 Bxc5 9. Bd2 Qb6 10. b4 Bxf2+ 11. Ke2 Nc6 12. Nd4 Qxd4 13. b5 Ne5 14.
Qb1 Nfg4 15. h3 Rd8 16. Qd1 Qc4# {White checkmated} 0-1

[Event "ICC tourney 2716 (40 10)"]
[Site "Internet Chess Club"]
[Date "2021.10.23"]
[Round "2"]
[White "Belous, Vladimir:Openyagami"]
[Black "WU, WILLIAM:K09-15782241"]
[Result "1-0"]
[ICCResult "Black resigns"]
[WhiteElo "2568"]
[BlackElo "1904"]
[Opening "English: Neo-Catalan declined"]
[ECO "A14"]
[NIC "RE.09"]
[Time "13:15:39"]
[PlyCount "55"]
[TimeControl "2400+10"]

1. c4 e6 2. Nf3 Nf6 3. g3 d5 4. Bg2 Be7 5. O-O O-O 6. b3 c5 7. Bb2 d4 8. e3
Nc6 9. exd4 cxd4 10. Re1 Bc5 11. d3 Re8 12. a3 a5 13. Ne5 Nxe5 14. Rxe5 Qd6
15. Re1 Bd7 16. Bxb7 Rab8 17. Bg2 Ba4 18. Nd2 Qb6 19. bxa4 Qxb2 20. Bc6 Rec8
21. Bb5 Bxa3 22. Rb1 Qa2 23. Re2 Be7 24. Rb3 Rxb5 25. Rxb5 Bb4 26. Nb1 Qa1
27. Qb3 Bc3 28. Ra2 {Black resigns} 1-0

[Event "ICC tourney 2716 (40 10)"]
[Site "Internet Chess Club"]
[Date "2021.10.23"]
[Round "2"]
[White "LYNN, BENNETT:ben622"]
[Black "SHAWKAT, SAIF:saif-shawkat"]
[Result "0-1"]
[ICCResult "White resigns"]
[WhiteElo "1737"]
[BlackElo "1970"]
[Opening "Sicilian: Najdorf, 6.Bg5"]
[ECO "B94"]
[NIC "SI.04"]
[Time "13:15:25"]
[PlyCount "26"]
[TimeControl "2400+10"]

1. e4 c5 2. Nf3 d6 3. d4 cxd4 4. Nxd4 Nf6 5. Nc3 a6 6. Bg5 Nc6 7. f4 e6 8.
Nxc6 bxc6 9. e5 h6 10. Bh4 g5 11. fxg5 Nh7 12. exd6 Bxd6 13. Qd4 Bg3+
{White resigns}
0-1

[Event "ICC tourney 2716 (40 10)"]
[Site "Internet Chess Club"]
[Date "2021.10.23"]
[Round "2"]
[White "IVANOV, ALEXANDER:marble"]
[Black "RAMASWAMY, PUDUR:clair"]
[Result "1-0"]
[ICCResult "Black resigns"]
[WhiteElo "2422"]
[BlackElo "1769"]
[Opening "Ruy Lopez: 5.O-O"]
[ECO "C78"]
[NIC "RL.12"]
[Time "13:16:11"]
[PlyCount "106"]
[TimeControl "2400+10"]

1. e4 e5 2. Nf3 Nc6 3. Bb5 a6 4. Ba4 Nf6 5. O-O b5 6. Bb3 Bc5 7. a4 Rb8 8.
c3 d6 9. d4 Bb6 10. a5 Nxa5 11. Rxa5 Bxa5 12. dxe5 dxe5 13. Qxd8+ Kxd8 14.
Nxe5 Bb7 15. Nxf7+ Ke7 16. Nxh8 Rxh8 17. f3 Bb6+ 18. Kh1 Rd8 19. Na3 Bc8 20.
e5 Be6 21. exf6+ Kxf6 22. Bxe6 Kxe6 23. Nc2 c5 24. Be3 Rd3 25. Rc1 a5 26.
Bg1 Rd6 27. Na3 Rd2 28. Nxb5 Rxb2 29. Na3 Kd5 30. Rd1+ Kc6 31. Nc4 Rb3 32.
Rd6+ Kc7 33. Rxb6 Rxb6 34. Nxb6 Kxb6 35. c4 a4 36. Be3 a3 37. Bd2 a2 38. Bc3
Kc6 39. Bxg7 h6 40. Kg1 Kb6 41. Bc3 Kc7 42. g4 Kd6 43. Kf2 Ke6 44. Ke3 Kf7
45. h4 Kg6 46. h5+ Kg5 47. Ke4 Kh4 48. Kf4 Kh3 49. g5 hxg5+ 50. Kxg5 Kg3 51.
h6 Kxf3 52. h7 Ke3 53. h8=Q Kd3 {Black resigns} 1-0

[Event "ICC tourney 2716 (40 10)"]
[Site "Internet Chess Club"]
[Date "2021.10.23"]
[Round "2"]
[White "PLUM, MARC:Slivovitz"]
[Black "BAYYARAPU, MOHIT SREEJAN:mohitbayyarapu"]
[Result "1/2-1/2"]
[ICCResult "Game drawn by mutual agreement"]
[WhiteElo "1929"]
[BlackElo "1652"]
[Opening "Réti: King's Indian attack (Barcza system)"]
[ECO "A07"]
[NIC "QP.09"]
[Time "13:15:22"]
[PlyCount "48"]
[TimeControl "2400+10"]

1. Nf3 d5 2. g3 Nf6 3. Bg2 g6 4. c4 c5 5. O-O Bg7 6. cxd5 Nxd5 7. Nc3 e6 8.
Qa4+ Qd7 9. Qc4 Nxc3 10. bxc3 Qd5 11. Qxd5 exd5 12. Ba3 Na6 13. d4 O-O 14.
Nd2 Rd8 15. Nb3 cxd4 16. cxd4 b6 17. Rac1 Be6 18. Rc3 Rac8 19. Rfc1 Rc4 20.
e3 b5 21. Bc5 Nxc5 22. Nxc5 Bf8 23. Bf1 Rxc3 24. Rxc3 b4
{Game drawn by mutual agreement}
1/2-1/2

[Event "ICC tourney 2716 (40 10)"]
[Site "Internet Chess Club"]
[Date "2021.10.23"]
[Round "2"]
[White "DENG, HENRY:SuperPuzzler"]
[Black "MARKOVIC, GORAN:Goran21"]
[Result "0-1"]
[ICCResult "White checkmated"]
[WhiteElo "2061"]
[BlackElo "1856"]
[Opening "Pirc: classical (two knights) system"]
[ECO "B08"]
[NIC "PU.10"]
[Time "13:15:17"]
[PlyCount "78"]
[TimeControl "2400+10"]

1. e4 g6 2. d4 d6 3. Nc3 Nf6 4. Nf3 Bg7 5. Bd3 O-O 6. h3 Nc6 7. O-O e5 8.
dxe5 dxe5 9. Bg5 h6 10. Bh4 g5 11. Bg3 Nh5 12. Bh2 Nf4 13. Nd5 f5 14. Bc4
Be6 15. exf5 Bxd5 16. Bb5 Rxf5 17. Bxf4 Rxf4 18. Nh2 Nd4 19. g3 Rf8 20. Be2
e4 21. Ng4 Qd7 22. Nxh6+ Bxh6 23. Qxd4 Bg7 24. Qd2 e3 25. fxe3 Qd6 26. Kh2
Be5 27. Qe1 Rxf1 28. Bxf1 Rf8 29. Bg2 Bxg2 30. Kxg2 Qc6+ 31. Kg1 Rf3 32. e4
Rxg3+ 33. Kh1 Rxh3+ 34. Kg2 Rh2+ 35. Kf3 g4+ 36. Kxg4 Qg6+ 37. Kf3 Qg2+ 38.
Ke3 Rh3+ 39. Qg3+ Rxg3# {White checkmated} 0-1

[Event "ICC tourney 2716 (40 10)"]
[Site "Internet Chess Club"]
[Date "2021.10.23"]
[Round "2"]
[White "TANG, DYLAN:ruitang"]
[Black "YAN, NATHAN:Natey"]
[Result "0-1"]
[ICCResult "White resigns"]
[WhiteElo "1504"]
[BlackElo "1849"]
[Opening "Giuoco Piano"]
[ECO "C54"]
[NIC "IG.02"]
[Time "13:15:26"]
[PlyCount "60"]
[TimeControl "2400+10"]

1. e4 e5 2. Nf3 Nc6 3. Bc4 Bc5 4. c3 Nf6 5. d3 d6 6. O-O O-O 7. a4 a5 8. h3
h6 9. Re1 Re8 10. Be3 Bxe3 11. Rxe3 d5 12. exd5 Nxd5 13. Re1 Nf4 14. Qc2 Bf5
15. Rd1 Qf6 16. Kh1 e4 17. Ne1 exd3 18. Bxd3 Rxe1+ 19. Rxe1 Nxd3 20. Re3
Nce5 21. Na3 Bg6 22. Rf1 Rd8 23. f4 Nxf4 24. Qf2 Ned3 25. Qf3 Bh5 26. g4 Bg6
27. Nc4 Qa6 28. b3 b5 29. Ne5 Nxe5 30. Rxe5 bxa4 {White resigns} 0-1